AoeStats
← driboperez

Hideout

509586074Analyzed
1v1 RM · 4d ago on Sep 27, 2026· 47m 33s· 2 players
Game mode
Random Map
Map size
Tiny (2 player)
Population
200
Speed
Normal
Resources
Standard
Victory
Conquest
Starting age
Dark Age
Ending age
Imperial Age
RankedLock teamsTeams togetherTeam positionsShared explorationLock speedFull tech treeHidden civsTurbo modeCheats
Victory
Defeat
🇩🇪 Saxons · Germany
1070
+14
🇪🇸 Berbers · Spain
1032
-14
driboperez
7:59 Loom
11:06 Feudal Age
15:57 Castle Age
16:56 Scale Barding Armor
17:46 Forging
19:15 Bloodlines
20:45 Double-Bit Axe
25:01 Horse Collar
27:32 Wheelbarrow
27:06 Gold Mining
28:51 Town Watch
29:38 Devotion
30:13 Heavy Plow
30:26 Bow Saw
31:28 Chain Barding Armor
32:52 Hand Cart
33:32 Husbandry
38:10 Imperial Age
36:14 Fortified Wall
36:53 Kasbah
39:27 Plate Barding Armor
39:28 Iron Casting
38:18 Cavalier
39:19 Maghrebi Camels
39:41 Conscription
39:57 Ballistics
39:50 Masonry
40:37 Crop Rotation
41:15 Hoardings
41:13 Fletching
42:26 Blast Furnace
41:17 Fletching
42:53 Chemistry
42:39 Town Patrol
43:37 Guard Tower
44:12 Bodkin Arrow
44:54 Bracer
44:30 Heavy Camel Rider
45:58 Arrowslits
Cer
7:27 Loom
11:32 Feudal Age
11:36 Man-at-Arms
12:02 Horse Collar
13:00 Arson
14:49 Double-Bit Axe
15:14 Scale Mail Armor
15:06 Loom
20:30 Castle Age
20:28 Gold Mining
20:41 Town Watch
21:33 Wheelbarrow
21:25 Bow Saw
21:16 Heavy Plow
25:58 Sanctity
29:36 Hand Cart
32:57 Imperial Age
32:28 Gold Shaft Mining
31:43 Stone Mining
32:10 Chain Mail Armor
32:05 Forging
31:33 Pikeman
32:13 Squires
33:20 Fortified Wall
33:25 Squires
33:24 Fletching
33:19 Halberdier
34:40 Illumination
34:32 Block Printing
34:54 Town Patrol
35:48 Shield Wall
37:21 Gambesons
38:12 Plate Mail Armor
38:18 Iron Casting
38:23 Guilds
39:28 Two-Man Saw
39:02 Crop Rotation
39:18 Masonry
40:09 Chemistry
39:39 Conscription
38:55 Long Swordsman
39:38 Elite Hearth Troop
39:42 Two-Handed Swordsman
40:46 Bodkin Arrow
40:17 Clerical Recruitment
41:34 Hoardings
40:53 Champion
41:49 Guard Tower
41:45 Arrowslits
42:33 Bracer
44:15 Ballistics
44:29 Architecture
Connection lost

Rejoining the realm…

Still unreachable

The connection could not be restored.

Session expired

The server has moved on; the page needs a fresh start.